AoeStats
← π t

Arena

509315366Analyzed
2v2 RM · 8d ago on Sep 26, 2026· 26m 11s· 4 players
Game mode
Random Map
Map size
Medium (4 player)
Population
200
Speed
Normal
Resources
Standard
Victory
Conquest
Starting age
Dark Age
Ending age
Imperial Age
RankedLock teamsTeams togetherTeam positionsShared explorationLock speedFull tech treeHidden civsTurbo modeCheats
Victory
Defeat
🇨🇳 Burgundians · China
1398
+9
🇨🇳 Turks · China
1185
+17
🇩🇪 Saxons · Germany
1229
-13
🇩🇪 Danes · Germany
1229
-13
π t
10:48 Feudal Age
11:33 Loom
11:47 Horse Collar
11:53 Double-Bit Axe
15:12 Castle Age
16:15 Bow Saw
16:45 Wheelbarrow
16:05 Town Watch
17:37 Scale Mail Armor
18:55 Gambesons
23:33 Heavy Plow
24:01 Squires
25:57 Forging
Ibu
10:41 Feudal Age
12:07 Double-Bit Axe
12:04 Horse Collar
15:03 Castle Age
13:51 Fletching
14:11 Scale Barding Armor
16:01 Bow Saw
24:42 Redemption
26:15 Bodkin Arrow
海峡
4:18 Double-Bit Axe
6:59 Horse Collar
12:13 Feudal Age
10:52 Gold Mining
13:08 Bow Saw
13:04 Heavy Plow
13:38 Bow Saw
13:48 Heavy Plow
13:47 Loom
16:02 Castle Age
14:44 Gold Shaft Mining
18:16 Two-Man Saw
18:41 Wheelbarrow
21:01 Scale Mail Armor
24:58 Chain Mail Armor
25:41 Forging
还有遗憾吗
12:39 Feudal Age
16:28 Castle Age
18:01 Double-Bit Axe
21:09 Imperial Age
18:56 Double-Bit Axe
19:28 Horse Collar
23:14 Gold Mining
23:44 Stone Mining
25:45 Loom
26:39 Wheelbarrow
25:53 Town Watch
Connection lost

Rejoining the realm…

Still unreachable

The connection could not be restored.

Session expired

The server has moved on; the page needs a fresh start.